| TOP OF THE 1ST |
|
Phoenix Giants batting - Pitching for Hawaii Islanders : RHP Herberto Folgueira
|
|
Pitching: RHP Herberto Folgueira
|
|
|
Batting: LHB Gordon Hahn
|
0-0: Ball 1-0: Ball 2-0: Ball 3-0: Base on Balls
|
|
Batting: LHB Ernie Riles
|
0-0: Ball 1-0: Foul Ball, location: 2F 1-1: Foul Ball, location: 2F 1-2: Ball 2-2: Foul Ball, location: 2F 2-2: Strikes out swinging
|
|
Batting: SHB John Macauley
|
0-0: Ball 1-0: Ground out 5-3 (Groundball, 56, EV 104.4 MPH) Gordon Hahn to second
|
|
Batting: RHB Billy L Smith
|
0-0: Ball 1-0: Swinging Strike 1-1: Ball 2-1: Fly out, F9 (Line Drive, 9, EV 86.9 MPH)
|
| Top of the 1st over - 0 runs, 0 hits, 0 errors, 1 left on base; Phoenix 0 - Hawaii 0 |
| BOTTOM OF THE 1ST |
|
Hawaii Islanders batting - Pitching for Phoenix Giants : RHP Phil Huffman
|
|
Pitching: RHP Phil Huffman
|
|
|
Batting: RHB Joe Strain
|
0-0: Called Strike 0-1: Ball 1-1: Foul Ball, location: 2F 1-2: Ball 2-2: Strikes out swinging
|
|
Batting: LHB Creighton Tevlin
|
0-0: Foul Ball, location: 2F 0-1: Ball 1-1: Fly out, F9 (Flyball, 9, EV 93.8 MPH)
|
|
Batting: LHB Geno Petralli
|
0-0: Swinging Strike 0-1: Ball 1-1: Fly out, F7 (Flyball, 78D, EV 92.5 MPH)
|
| Bottom of the 1st over - 0 runs, 0 hits, 0 errors, 0 left on base; Phoenix 0 - Hawaii 0 |
| TOP OF THE 2ND |
|
Phoenix Giants batting - Pitching for Hawaii Islanders : RHP Herberto Folgueira
|
|
Batting: LHB Raymond Rivas
|
0-0: Ball 1-0: Ball 2-0: Swinging Strike 2-1: Ground out 4-3 (Groundball, 4S, EV 90.0 MPH)
|
|
Batting: LHB Joseph Bruno
|
0-0: Called Strike 0-1: Called Strike 0-2: Ground out 4-3 (Groundball, 4, EV 101.9 MPH)
|
|
Batting: LHB Lawrence Thomas
|
0-0: Ball 1-0: Called Strike 1-1: Ball 2-1: Swinging Strike 2-2: Ball 3-2: Strikes out swinging
|
| Top of the 2nd over - 0 runs, 0 hits, 0 errors, 0 left on base; Phoenix 0 - Hawaii 0 |
| BOTTOM OF THE 2ND |
|
Hawaii Islanders batting - Pitching for Phoenix Giants : RHP Phil Huffman
|
|
Batting: SHB Charles Valley
|
0-0: Ball 1-0: Foul Ball, location: 2F 1-1: Swinging Strike 1-2: Ball 2-2: Strikes out swinging
|
|
Batting: RHB Jon Hansen
|
0-0: Called Strike 0-1: Ball 1-1: Fly out, F9 (Flyball, 9LM, EV 77.5 MPH)
|
|
Batting: LHB Paul Tomini
|
0-0: Called Strike 0-1: Swinging Strike 0-2: Ball 1-2: Ball 2-2: Hit by Pitch
|
|
Batting: RHB Rob Teegarden
|
0-0: Foul Ball, location: 2F 0-1: Foul Ball, location: 2F 0-2: Strikes out swinging
|
| Bottom of the 2nd over - 0 runs, 0 hits, 0 errors, 1 left on base; Phoenix 0 - Hawaii 0 |
| TOP OF THE 3RD |
|
Phoenix Giants batting - Pitching for Hawaii Islanders : RHP Herberto Folgueira
|
|
Batting: LHB Frank Gill
|
0-0: Fly out, F6 (Line Drive, 6, EV 75.0 MPH)
|
|
Batting: RHB Tom Wieghaus
|
0-0: Called Strike 0-1: Foul Ball, location: 2F 0-2: Ball 1-2: Foul Ball, location: 2F 1-2: Ground out 6-3 (Groundball, 6, EV 101.3 MPH)
|
|
Batting: LHB Gordon Hahn
|
0-0: Ball 1-0: SINGLE (Groundball, 5S, EV 63.8 MPH) (infield hit)
|
|
Batting: LHB Ernie Riles
|
0-0: Ball Gordon Hahn steals 2nd base (no throw) 1-0: Swinging Strike 1-1: Ball 2-1: Foul Ball, location: 2F 2-2: SINGLE (Groundball, 34S, EV 71.9 MPH) (infield hit) Gordon Hahn to third
|
|
Batting: SHB John Macauley
|
0-0: Called Strike Ernie Riles steals 2nd base 0-1: SINGLE (Flyball, 8LS, EV 92.5 MPH) Gordon Hahn scores Ernie Riles to third Runner from 3rd tries for Home, SAFE, throw by CF to home John Macauley to second
|
|
Batting: RHB Billy L Smith
|
0-0: Ball 1-0: Called Strike 1-1: Ground out 6-3 (Groundball, 6S, EV 86.3 MPH)
|
| Top of the 3rd over - 2 runs, 3 hits, 0 errors, 1 left on base; Phoenix 2 - Hawaii 0 |
| BOTTOM OF THE 3RD |
|
Hawaii Islanders batting - Pitching for Phoenix Giants : RHP Phil Huffman
|
|
Batting: SHB Wayne Stone
|
0-0: Swinging Strike 0-1: Ball 1-1: Ground out 6-3 (Groundball, 6, EV 86.3 MPH)
|
|
Batting: RHB Tony Walker
|
0-0: Called Strike 0-1: Fly out, F7 (Flyball, 7S, EV 70.0 MPH)
|
|
Batting: RHB Joe Strain
|
0-0: Called Strike 0-1: Foul Ball, location: 2F 0-2: Ball 1-2: Ball 2-2: Foul Ball, location: 2F 2-2: Fly out, F7 (Flyball, 7S, EV 75.0 MPH)
|
| Bottom of the 3rd over - 0 runs, 0 hits, 0 errors, 0 left on base; Phoenix 2 - Hawaii 0 |
| TOP OF THE 4TH |
|
Phoenix Giants batting - Pitching for Hawaii Islanders : RHP Herberto Folgueira
|
|
Batting: LHB Raymond Rivas
|
0-0: Called Strike 0-1: Ball 1-1: Ball 2-1: Called Strike 2-2: Foul Ball, location: 2F 2-2: Ball 3-2: Base on Balls
|
|
Batting: LHB Joseph Bruno
|
0-0: Swinging Strike 0-1: Foul Ball, location: 2F 0-2: Ball 1-2: Foul Ball, location: 2F 1-2: Fielders Choice at 2nd, 4-6 (Groundball, 4S, EV 79.4 MPH)
|
|
Batting: LHB Lawrence Thomas
|
0-0: Grounds into double play, 6-4-3 (Groundball, 6, EV 77.5 MPH)
|
| Top of the 4th over - 0 runs, 0 hits, 0 errors, 0 left on base; Phoenix 2 - Hawaii 0 |
| BOTTOM OF THE 4TH |
|
Hawaii Islanders batting - Pitching for Phoenix Giants : RHP Phil Huffman
|
|
Batting: LHB Creighton Tevlin
|
0-0: Fly out, F8 (Flyball, 8RS, EV 76.9 MPH)
|
|
Batting: LHB Geno Petralli
|
0-0: Ball 1-0: Ball 2-0: Fly out, F7 (Flyball, 7D, EV 83.1 MPH)
|
|
Batting: SHB Charles Valley
|
0-0: Ball 1-0: Ball 2-0: Ball 3-0: Called Strike 3-1: Base on Balls
|
|
Batting: RHB Jon Hansen
|
0-0: Ball 1-0: Ground out 5-3 (Groundball, 6S, EV 68.8 MPH)
|
| Bottom of the 4th over - 0 runs, 0 hits, 0 errors, 1 left on base; Phoenix 2 - Hawaii 0 |
| TOP OF THE 5TH |
|
Phoenix Giants batting - Pitching for Hawaii Islanders : RHP Herberto Folgueira
|
|
Batting: LHB Frank Gill
|
0-0: Fly out, F8 (Flyball, 89D, EV 93.1 MPH)
|
|
Batting: RHB Tom Wieghaus
|
0-0: Called Strike 0-1: Ball 1-1: Foul Ball, location: 2F 1-2: Foul Ball, location: 2F 1-2: Foul Ball, location: 2F 1-2: Ground out 1-3 (Groundball, 15, EV 68.1 MPH)
|
|
Batting: LHB Gordon Hahn
|
0-0: Called Strike 0-1: Ball 1-1: Ball 2-1: SINGLE (Groundball, 34D, EV 95.0 MPH)
|
|
Batting: LHB Ernie Riles
|
0-0: Ball Gordon Hahn is caught stealing 2nd base 2-6
|
| Top of the 5th over - 0 runs, 1 hit, 0 errors, 0 left on base; Phoenix 2 - Hawaii 0 |
| BOTTOM OF THE 5TH |
|
Hawaii Islanders batting - Pitching for Phoenix Giants : RHP Phil Huffman
|
|
Batting: LHB Paul Tomini
|
0-0: Called Strike 0-1: Swinging Strike 0-2: Ball 1-2: Ground out 4-3 (Groundball, 34, EV 84.4 MPH)
|
|
Batting: RHB Rob Teegarden
|
0-0: SINGLE (Line Drive, 7, EV 84.4 MPH)
|
|
Batting: SHB Wayne Stone
|
0-0: Ball 1-0: Fielders Choice at 2nd, 2-6 (Groundball, 13S, EV 71.3 MPH)
|
|
Batting: RHB Tony Walker
|
0-0: Ball 1-0: Ball Wayne Stone steals 2nd, throwing error, E2 Wayne Stone to third 2-0: Called Strike 2-1: Fly out, F5 (Popup, 15S, EV 93.1 MPH)
|
| Bottom of the 5th over - 0 runs, 1 hit, 1 error, 1 left on base; Phoenix 2 - Hawaii 0 |
| TOP OF THE 6TH |
|
Phoenix Giants batting - Pitching for Hawaii Islanders : RHP Herberto Folgueira
|
|
Batting: LHB Ernie Riles
|
0-0: Foul Ball, location: 2F 0-1: Called Strike 0-2: Strikes out looking
|
|
Batting: SHB John Macauley
|
0-0: Called Strike 0-1: Foul Ball, location: 2F 0-2: Ground out 1-3 (Groundball, 13, EV 70.6 MPH)
|
|
Batting: RHB Billy L Smith
|
0-0: Swinging Strike 0-1: Foul Ball, location: 2F 0-2: Ground out 4-3 (Groundball, 4, EV 77.5 MPH)
|
| Top of the 6th over - 0 runs, 0 hits, 0 errors, 0 left on base; Phoenix 2 - Hawaii 0 |
| BOTTOM OF THE 6TH |
|
Hawaii Islanders batting - Pitching for Phoenix Giants : RHP Phil Huffman
|
|
Batting: RHB Joe Strain
|
0-0: Ball 1-0: Ground out 5-3 (Groundball, 56S, EV 85.0 MPH)
|
|
Batting: LHB Creighton Tevlin
|
0-0: Foul Ball, location: 2F 0-1: Foul Ball, location: 2F 0-2: Ground out 4-3 (Groundball, 4, EV 101.3 MPH)
|
|
Batting: LHB Geno Petralli
|
0-0: Ball 1-0: Ball 2-0: Called Strike 2-1: Ball 3-1: Ground out 4-3 (Groundball, 34, EV 102.5 MPH)
|
| Bottom of the 6th over - 0 runs, 0 hits, 0 errors, 0 left on base; Phoenix 2 - Hawaii 0 |
| TOP OF THE 7TH |
|
Phoenix Giants batting - Pitching for Hawaii Islanders : RHP Herberto Folgueira
|
|
Batting: LHB Raymond Rivas
|
0-0: Swinging Strike 0-1: Ball 1-1: Swinging Strike 1-2: Strikes out looking
|
|
Batting: LHB Joseph Bruno
|
0-0: Ball 1-0: Foul Ball, location: 2F 1-1: Ball 2-1: Foul Ball, location: 2F 2-2: Strikes out swinging
|
|
Batting: LHB Lawrence Thomas
|
0-0: Swinging Strike 0-1: Called Strike 0-2: Ball 1-2: Ball 2-2: Fly out, F7 (Line Drive, 7D, EV 103.1 MPH)
|
| Top of the 7th over - 0 runs, 0 hits, 0 errors, 0 left on base; Phoenix 2 - Hawaii 0 |
| BOTTOM OF THE 7TH |
|
Hawaii Islanders batting - Pitching for Phoenix Giants : RHP Phil Huffman
|
|
Batting: SHB Charles Valley
|
0-0: Foul Ball, location: 2F 0-1: Called Strike 0-2: SINGLE (Line Drive, 78S, EV 105.0 MPH)
|
|
Batting: RHB Jon Hansen
|
0-0: Foul Ball, location: 2F 0-1: 2-RUN HOME RUN (Flyball, 78XD, EV 95.6 MPH), Distance : 420 ft
|
|
Batting: LHB Paul Tomini
|
0-0: Ball 1-0: Swinging Strike 1-1: Foul Ball, location: 2F 1-2: SINGLE (Flyball, 34D, EV 78.8 MPH)
|
|
Batting: RHB Rob Teegarden
|
0-0: Foul Ball, location: 2F 0-1: Ball 1-1: Called Strike 1-2: SINGLE (Groundball, 56S, EV 73.1 MPH) (infield hit) Paul Tomini to second
|
|
Pinch Runner at 2nd Kevin Knuth:
|
|
|
Batting: SHB Wayne Stone
|
0-0: Ball 1-0: SINGLE (Line Drive, 4D, EV 98.8 MPH) Kevin Knuth to third Rob Teegarden to second Runner from 3rd tries for Home, throw by RF and OUT! 9-2 Rob Teegarden to third Wayne Stone to second
|
|
Batting: RHB Tony Walker
|
0-0: Swinging Strike 0-1: Ball 1-1: Foul Ball, location: 2F 1-2: Strikes out swinging
|
|
Batting: RHB Joe Strain
|
0-0: Foul Ball, location: 2F 0-1: SINGLE (Groundball, 6D, EV 101.3 MPH) Rob Teegarden scores Wayne Stone to third Runner from 3rd tries for Home, SAFE, throw by CF to home
|
|
Batting: LHB Creighton Tevlin
|
0-0: Called Strike 0-1: Called Strike 0-2: Ground out 4-3 (Groundball, 4S, EV 71.3 MPH)
|
| Bottom of the 7th over - 4 runs, 6 hits, 0 errors, 1 left on base; Phoenix 2 - Hawaii 4 |
| TOP OF THE 8TH |
|
Phoenix Giants batting - Pitching for Hawaii Islanders : RHP Herberto Folgueira
|
|
Now in LF: Joe DeSa
|
|
|
Batting: LHB Frank Gill
|
0-0: Foul Ball, location: 2F 0-1: Ball 1-1: Ground out U3 (Groundball, 3, EV 96.9 MPH)
|
|
Batting: RHB Tom Wieghaus
|
0-0: Ground out 4-3 (Groundball, 4, EV 101.9 MPH)
|
|
Batting: LHB Gordon Hahn
|
0-0: Ball 1-0: Ball 2-0: Called Strike 2-1: Foul Ball, location: 2F 2-2: Strikes out swinging
|
| Top of the 8th over - 0 runs, 0 hits, 0 errors, 0 left on base; Phoenix 2 - Hawaii 4 |
| BOTTOM OF THE 8TH |
|
Hawaii Islanders batting - Pitching for Phoenix Giants : RHP Phil Huffman
|
|
Batting: LHB Geno Petralli
|
0-0: Foul Ball, location: 2F 0-1: Foul Ball, location: 2F 0-2: Ball 1-2: Fly out, F9 (Line Drive, 9, EV 96.9 MPH)
|
|
Pitching: RHP John Littlefield
|
|
|
Batting: SHB Charles Valley
|
0-0: Foul Ball, location: 2F 0-1: Ball 1-1: Ball 2-1: Called Strike 2-2: Strikes out swinging
|
|
Batting: RHB Jon Hansen
|
0-0: Ball 1-0: SINGLE (Groundball, 4MD, EV 101.3 MPH)
|
|
Batting: LHB Joe DeSa
|
Pickoff Throw to First - Error! E1 Jon Hansen to second 0-0: Intentional Walk
|
|
Batting: RHB Rob Teegarden
|
0-0: Called Strike 0-1: Ball 1-1: Ball 2-1: Ball 3-1: Base on Balls Jon Hansen to third Joe DeSa to second
|
|
Batting: SHB Wayne Stone
|
0-0: Ball 1-0: Called Strike 1-1: Hit by Pitch Jon Hansen scores Joe DeSa to third Rob Teegarden to second
|
|
Batting: RHB Tony Walker
|
0-0: Called Strike 0-1: Ball 1-1: Foul Ball, location: 2F 1-2: Foul Ball, location: 2F 1-2: Foul Ball, location: 2F 1-2: Ball 2-2: Strikes out swinging
|
| Bottom of the 8th over - 1 run, 1 hit, 1 error, 3 left on base; Phoenix 2 - Hawaii 5 |
| TOP OF THE 9TH |
|
Phoenix Giants batting - Pitching for Hawaii Islanders : RHP Herberto Folgueira
|
|
Batting: LHB Ernie Riles
|
0-0: Fly out, F8 (Flyball, 89XD, EV 76.9 MPH)
|
|
Batting: SHB John Macauley
|
0-0: Ground out 4-3 (Groundball, 4, EV 90.0 MPH)
|
|
Batting: RHB Billy L Smith
|
0-0: Ball 1-0: Called Strike 1-1: Ball 2-1: Ball 3-1: Ground out 4-3 (Groundball, 4S, EV 76.3 MPH)
|
| Top of the 9th over - 0 runs, 0 hits, 0 errors, 0 left on base; Phoenix 2 - Hawaii 5 |
|